 Dungeon Crawl Stone Soup version 0.30-a0-799-g109b55a442 (webtiles) character file.

Game seed: 8644316021799384924

47 Aneyh the Trooper (level 3, -2/24 HPs)
             Began as a Tengu Monk on Feb 21, 2023.
             Slain by Terence
             ... wielding a +3 hand axe of flaming
              (8 damage)
             ... on level 2 of the Dungeon.
             The game lasted 00:01:02 (809 turns).

Aneyh the Trooper (Tengu Monk)                       Turns: 809, Time: 00:01:03

Health: -2/24      AC:  2    Str: 13    XL:     3   Next: 70%
Magic:  4/4        EV: 13    Int: 10    God:
Gold:   40         SH:  0    Dex: 16    Spells: 2/2 levels left

rFire   . . .      SeeInvis .    a - +0 spear
rCold   . . .      Faith    .    (no shield)
rNeg    . . .      Spirit   .    b - +0 robe
rPois   .          Reflect  .    (helmet restricted)
rElec   .          Harm     .    (no cloak)
rCorr   .          Rampage  .    (no gloves)
Will    .....                    (boots unavailable)
Stlth   +                        (no amulet)
HPRegen 0.24/turn                (no ring)
MPRegen 0.09/turn                (no ring)

@: confused, ambrosia-drunk
A: beak, talons 3
a: no special abilities


You were on level 2 of the Dungeon.
You visited 1 branch of the dungeon, and saw 2 of its levels.

You collected 40 gold pieces.

Inventory:

Hand Weapons
 a - a +0 spear (weapon)
Missiles
 h - a throwing net (quivered)
Armour
 b - a +0 robe (worn)
Scrolls
 d - 2 scrolls of teleportation {unknown}
 f - a scroll of magic mapping {unknown}
 g - a scroll of immolation {unknown}
 m - a scroll of noise {unknown}
Potions
 e - a potion of invisibility {unknown}
 i - a potion of berserk rage {unknown}
 j - a potion of flight {unknown}
 k - 2 potions of brilliance {unknown}
 l - a potion of degeneration {unknown}


   Skills:
 + Level 4.5 Fighting
 - Level 3.2 Polearms
 - Level 3.2 Dodging
 - Level 2.0 Stealth


You had 2 spell levels left.
You didn't know any spells.
Your spell library contained the following spells:

 Spells                   Type           Power      Damage    Failure   Level
 Summon Guardian Golem    Hex/Summ       0%         N/A       75%         3
 Orb of Destruction       Conj           0%         9d5       100%        7
 Spellforged Servitor     Conj/Summ      0%         N/A       100%        7


Dungeon Overview and Level Annotations

Branches:
Dungeon (2/15)

Altars:

Annotations:
D:2 Terence


Innate Abilities, Weirdness & Mutations

You have a beak for a mouth.
You have claws for feet.


Message History

Terence is moderately wounded.
Terence barely misses you.
You hit Terence but do no damage. You claw Terence, but do no damage.
You peck Terence, but do no damage.
Terence is moderately wounded.
The adder bites you. Terence closely misses you.
You hit Terence.
Terence is moderately wounded.
The adder bites you.
You are poisoned.
The adder poisons you!
Terence hits you with a +3 hand axe of flaming.
Terence burns you. The adder bites you.
You are too injured to fight recklessly!
You are confused.
You feel invigorated.
You feel sick. The adder bites you but does no damage.
Terence closely misses you.
You're too confused to move!
You feel sick. The adder misses you. Terence hits you but does no damage.
You barely miss Terence. You claw Terence, but do no damage.
Your peck misses Terence.
Terence is moderately wounded.
You feel sick. The adder barely misses you. Terence barely misses you.
The adder attacks as you move away! The adder bites you.
You feel sick.
You are no longer poisoned.
The adder barely misses you. The adder closely misses you.
Terence hits you with a +3 hand axe of flaming!
Terence burns you. The adder misses you.
Terence hits you with a +3 hand axe of flaming.
Terence burns you. The adder bites you. Terence closely misses you.
The adder barely misses you. The adder misses you.
Terence hits you with a +3 hand axe of flaming!
Terence burns you.
* * * LOW HITPOINT WARNING * * *
Terence attacks as you move away!
Terence hits you with a +3 hand axe of flaming!
You die...

...####
........#########
#..............(.
#...............
................
.............#
.............#
.......@S....# #.#
........@....###.#
.#....#.##.....#.#
##. .. #)..
#.##.~..~~.# ...#..
.... #.#....~...#
#..<.. .##
.#...~~.~.#.###.#.#.
....)................
########.............
#.###.##..†.#. #.#
#.##......


You could see Terence and an adder.

Vanquished Creatures
  An adder (D:2)
  A dart slug (D:1)
  A ball python (D:1)
  4 endoplasms
  2 giant cockroaches (D:1)
  5 goblins
  4 hobgoblins
  3 quokkas (D:1)
  5 bats (D:1)
  A frilled lizard (D:1)
  2 kobolds (D:1)
  2 rats
31 creatures vanquished.

Notes
Turn   | Place    | Note
-------+----------+-------------------------------------------
     0 | D:1      | Aneyh the Tengu Monk began the quest for the Orb.
     0 | D:1      | Reached XP level 1. HP: 14/14 MP: 2/2
   103 | D:1      | Reached XP level 2. HP: 18/19 MP: 3/3
   222 | D:1      | Reached skill level 4 in Fighting
   260 | D:1      | Reached XP level 3. HP: 24/24 MP: 4/4
   794 | D:2      | Noticed Terence
   809 | D:2      | Slain by Terence

Illustrated notes

Levels and vault maps discovered:
D:1:      dpeg_arrival_shrine, layout_basic, chequers_serial_rivers_large_a
D:2:      layout_basic, serial_rivers, chequers_serial_rivers_micro_c,
          chequers_serial_rivers_micro_b, chequers_serial_rivers_micro_c,
          chequers_serial_rivers_small_a, ebering_ecumenical_altar_sacrificial,
          kennysheep_generic_room_11, uniq_terence

Skill      XL: |  1  2 |
---------------+-------+-----
Fighting       | 4 |  4.5
Polearms       | |  3.2
Dodging        | |  3.2
Stealth        | |  2.0

Action                     || total
---------------------------++-------
  Melee: Spear             ||    82
         Kick              ||    23
         Peck              ||     7
    Use: Potion            ||     1
   Stab: Sleeping          ||     6
 Armour: Robe              ||    11
  Dodge: Dodged            ||    44

Table legend: (Time is in decaauts)
 A = Elapsed time spent in this place.
 B = Non-inter-level travel time spent in this place.
 C = Inter-level travel time spent in this place.
 D = Time resting spent in this place.
 E = Time spent auto-exploring this place.
 F = Levels seen in this place.
 G = Mean time per level.
                   A        B        C        D        E       F      G
               +--------+--------+--------+--------+--------+-----+--------+
         Total |    816 |    799 |     17 |      0 |    631 |   2 |  408.0 |
       Dungeon |    816 |    799 |     17 |      0 |    631 |   2 |  408.0 |
               +--------+--------+--------+--------+--------+-----+--------+

Top non-repeatable levels by time:
     D:1: 725 daAuts
     D:2: 90 daAuts
